Map: Ephemeron LE

Players

simsimma - Winner!

  • Race: Terran Terran
  • Spawn Location: 5:00

pHARM

  • Race: Zerg Zerg
  • League: Platinum
  • Spawn Location: 11:00

VOD

Have the link to the VOD?

Description

Time

  • Played on: Aug. 26, 2019, 3:31 p.m.
  • Length: 12:40
Show
View Real Time Build Order
Export as new Build Order

simsimma Terran - Winner!

Build Orders:  

Get SALT Encoding   

  12  0:01  SCV  
  13  0:13  SCV  
  14  0:20  Supply Depot  
  14  0:25  SCV  
  15  0:42  SCV  
  16  0:43  Barracks  
  16  0:47  Refinery  
  16  0:54  SCV  
  17  1:07  Barracks, SCV  
  18  1:22  Barracks  
  18  1:31  Orbital Command  
  18  1:37  Reaper  
  19  1:44  Refinery  
  19  1:56  Reaper  
  19  1:59  Supply Depot  
  20  2:07  SCV  
  21  2:11  Reaper  
  22  2:19  Reaper  
  23  2:25  SCV  
  24  2:30  Supply Depot, Reaper  
  25  2:38  SCV  
  25  2:43  Reaper  
  28  2:51  Reaper  
  28  2:52  SCV  
  29  3:04  Reaper  
  30  3:26  Reaper x2  
  29  3:39  Reaper  
  29  3:46  Command Center  
  28  4:00  SCV  
  31  4:07  Factory  
  31  4:15  Command Center  
  31  4:18  Barracks Tech Lab  
  31  4:21  Barracks Reactor  
  28  4:50  Stimpack, Barracks Reactor  
  28  4:51  SCV  
  29  4:52  Factory Tech Lab  
  29  4:55  Starport  
  29  4:59  SCV  
  30  5:00  Marine x3  
  30  5:03  SCV  
  34  5:12  Orbital Command  
  34  5:18  Marine, SCV  
  36  5:24  Siege Tank  
  38  5:46  SCV  
  38  5:49  SCV  
  41  5:53  Starport Reactor, Engineering Bay  
  41  5:56  Orbital Command  
  40  5:59  Marine  
  40  6:00  Marine x4  
  40  6:02  SCV  
  46  6:13  Siege Tank, Barracks  
  46  6:14  Barracks  
  46  6:17  Barracks  
  48  6:20  Marine, Marauder  
  48  6:21  Marine x2  
  48  6:24  SCV  
  54  6:31  SCV  
  55  6:33  Missile Turret  
  55  6:35  SCV  
  56  6:41  Missile Turret  
  56  6:42  SCV  
  57  6:47  SCV, Medivac x2  
  57  6:53  SCV  
  63  6:55  Marine x3  
  63  6:57  Marauder  
  63  7:00  Combat Shield  
  68  7:04  Refinery  
  68  7:07  SCV  
  69  7:13  Barracks Reactor  
  69  7:14  Barracks Reactor x2  
  69  7:36  Orbital Command  
  69  7:40  Supply Depot  
  69  7:43  Supply Depot  
  69  7:51  Marine  
  69  7:52  SCV  
  69  7:53  Marine  
  69  7:58  Supply Depot  
  69  7:59  Supply Depot  
  69  8:00  Marine, SCV  
  69  8:01  Supply Depot  
  69  8:02  Marauder  
  69  8:04  SCV  
  70  8:11  Marine x6  
  70  8:12  Marine  
  77  8:16  SCV  
  75  8:20  Siege Tank  
  75  8:24  Marine  
  75  8:26  Marine  
  75  8:27  Marine x2  
  71  8:28  SCV x2  
  71  8:39  Marine x7  
  77  8:45  Marine  
  72  8:59  Supply Depot x2  
  72  9:01  Supply Depot  
  72  9:02  Supply Depot  
  72  9:08  Marine x3, Marauder  
  77  9:15  Marine  
  77  9:20  Marine  
  77  9:21  Orbital Command  
  77  9:24  Marine x2  
  77  9:25  Marine  
  77  9:29  Marauder  
  70  9:39  Marine x3  
  70  9:40  Marine  
  74  9:49  Siege Tank  
  74  9:51  Marauder  
  79  9:57  SCV  
  79  9:59  Marine x3  
  83  10:09  SCV  
  83  10:11  Marine x3  
  83  10:12  Marine, Marauder  
  83  10:14  Medivac x2  
  93  10:22  SCV, Missile Turret  
  93  10:24  Marine x2, Missile Turret  
  93  10:25  Siege Tank  
  99  10:34  SCV, Marauder  
  102  10:37  Marine x7  
  109  10:48  Marine  
  109  10:49  Marine, SCV  
  109  10:55  Marauder  
  102  10:57  Siege Tank  
  102  10:59  Supply Depot  
  102  11:00  Supply Depot  
  102  11:01  SCV  
  106  11:05  Marine x4  
  110  11:16  Marauder  
  109  11:20  Marine x6  
  109  11:24  Marine x3  
  118  11:30  SCV x3  
  121  11:33  Siege Tank  
  121  11:36  Refinery  
  121  11:38  Factory, Refinery  
  115  11:40  Supply Depot  
  115  11:44  Marine x3  
  115  11:45  Marine x4  
  114  12:09  Marine x8, Marauder  
  114  12:10  Marine x2  
  126  12:20  Missile Turret  
  121  12:23  Missile Turret  
  121  12:29  Missile Turret  
Show
View Real Time Build Order
Export as new Build Order

pHARM Zerg 

Build Orders: Hatch First 

Get SALT Encoding   

  12  0:01  Drone  
  13  0:13  Overlord  
  13  0:26  Drone  
  14  0:32  Drone x2  
  16  0:51  Hatchery  
  15  0:59  Drone x2  
  15  1:01  Drone  
  18  1:16  Spawning Pool  
  17  1:19  Drone  
  18  1:26  Drone  
  19  1:38  Drone  
  20  1:43  Extractor  
  20  1:44  Drone  
  20  1:53  Overlord  
  20  2:04  Queen x2  
  20  2:06  Zergling x4  
  26  2:23  Drone x2  
  28  2:41  Spine Crawler  
  28  2:42  Drone x4  
  31  2:49  Drone x2  
  33  2:51  Queen  
  35  2:59  Metabolic Boost  
  35  3:10  Queen  
  35  3:40  Drone  
  36  3:42  Overlord x3  
  36  3:50  Lair  
  36  4:00  Queen  
  38  4:07  Roach Warren  
  37  4:10  Evolution Chamber  
  37  4:11  Evolution Chamber  
  37  4:16  Drone  
  37  4:17  Drone x6  
  42  4:22  Spine Crawler  
  41  4:27  Drone  
  42  4:35  Queen  
  38  4:55  Drone x3  
  38  4:56  Drone x3  
  44  5:06  Zerg Ground Armor Level 1, Zerg Missile Weapons Level 1  
  44  5:11  Extractor  
  44  5:12  Drone x7, Extractor  
  46  5:43  Roach x5  
  56  6:20  Hatchery  
  55  6:25  Glial Reconstitution  
  55  6:30  Drone  
  56  6:34  Drone x3  
  56  6:35  Drone  
  56  6:36  Overlord x4  
  56  6:37  Overlord x5  
  60  6:54  Queen  
  60  6:57  Roach  
  60  6:58  Roach x7  
  78  7:02  Zerg Missile Weapons Level 2  
  78  7:08  Extractor  
  77  7:30  Drone x8  
  77  7:33  Queen  
  87  7:41  Hydralisk Den  
  64  8:21  Roach  
  64  8:22  Roach x14  
  90  8:34  Roach x5  
  89  9:00  Drone  
  89  9:01  Queen x3, Drone x9  
  73  9:50  Zerg Melee Weapons Level 1, Zerg Ground Armor Level 2  
  73  9:58  Baneling Nest  
  72  10:03  Infestation Pit  
  71  10:10  Roach x7  
  71  10:11  Roach x9  
  99  10:22  Zergling x2  
  99  10:23  Zergling x4  
  102  10:33  Extractor x2  
  100  10:41  Zergling x12  
  106  10:44  Centrifical Hooks  
  75  11:02  Baneling x8  
  75  11:03  Zergling x18  
  76  11:17  Zergling x2  
  76  11:18  Zergling x10  
  58  11:49  Zergling x12  
  62  11:59  Baneling x6  
  62  12:10  Baneling  
  62  12:11  Zergling x2, Baneling x11  
  62  12:12  Zergling x6  
  62  12:22  Zergling x8  
Tags
 
League
Platinum
Matchup
TvZ
Replay Pack
10.7.19
Spawn Locations
Cross Positions
Add a new tag
Caveats
  • Supply blocks, unpowered buildings, or Contaminate may cause inaccurate times.
  • Supply counts are checked every 10 seconds.